 Dungeon Crawl Stone Soup version 0.28.0-53-g5a82cb258f (webtiles) character file.

Game seed: 18310693639299200189

16 firemarshallily the Martial Artist (level 2, -29/20 HPs)
             Began as a Gnoll Wanderer on Aug 4, 2022.
             Annihilated by an azure jelly (43 damage)
             ... created by the all-consuming vengeance of Jiyva
             ... on level 1 of the Dungeon.
             The game lasted 00:02:10 (399 turns).

firemarshallily the Martial Artist (Gnoll Wanderer)  Turns: 399, Time: 00:02:11

Health: -29/20     AC:  4    Str:  7 (10) XL:     2   Next: 58%
Magic:  5/5        EV: 10    Int:  5 (7)  God:
Gold:   12         SH:  0    Dex: 13 (16) Spells: 5/6 levels left

rFire   . . .      SeeInvis .     - Unarmed
rCold   . . .      Faith    .   (no shield)
rNeg    . . .      Spirit   .   d - +0 leather armour
rPois   .          Reflect  .   (no helmet)
rElec   .          Harm     .   c - +0 cloak
rCorr   .          Rampage  .   (no gloves)
Will    .....                   (no boots)
Stlth   +.........              (no amulet)
HPRegen 0.06/turn               (no ring)
MPRegen 0.09/turn               (no ring)

@: confused, attractive
A: fangs 1, strong nose, distributed training
a: no special abilities


You were on level 1 of the Dungeon.
You visited 1 branch of the dungeon, and saw 1 of its levels.

You collected 12 gold pieces.

Inventory:

Hand Weapons
 a - a +0 dagger
Missiles
 f - 22 stones
 i - 9 poisoned darts
Armour
 c - a +0 cloak (worn)
 d - a +0 leather armour (worn)
Scrolls
 e - a scroll of fear
Potions
 b - a potion of might
 j - a potion of heal wounds {unknown}


   Skills:
 + Level 0.4 Fighting
 + Level 0.4 Short Blades
 + Level 0.4 Long Blades
 + Level 0.4 Axes
 + Level 0.4 Maces & Flails
 + Level 0.4 Polearms
 + Level 0.4 Staves
 + Level 0.4 Slings
 + Level 0.4 Bows
 + Level 0.4 Crossbows
 + Level 0.4 Throwing
 + Level 0.4 Armour
 + Level 0.4 Dodging
 + Level 4.1 Stealth
 + Level 0.4 Shields
 + Level 10.4 Unarmed Combat
 + Level 2.7 Spellcasting
 + Level 0.2 Conjurations
 + Level 0.2 Hexes
 + Level 0.2 Summonings
 + Level 0.2 Necromancy
 + Level 0.2 Translocations
 + Level 0.2 Transmutations
 + Level 2.0 Fire Magic
 + Level 0.2 Ice Magic
 + Level 0.2 Air Magic
 + Level 0.2 Earth Magic
 + Level 0.2 Poison Magic
 + Level 2.5 Invocations
 + Level 0.4 Evocations


You had 5 spell levels left.
You knew the following spells:

 Your Spells              Type           Power      Damage    Failure   Level
a - Foxfire               Conj/Fire      4%         2x1d4     36%         1

Your spell library contained the following spells:

 Spells                   Type           Power      Damage    Failure   Level
 Conjure Flame            Conj/Fire      1%         6-21      73%         3


Dungeon Overview and Level Annotations

Branches:
Dungeon (1/15)

Altars:
Jiyva


Innate Abilities, Weirdness & Mutations

You have very sharp teeth.
Your uncanny sense of smell can sniff out nearby items.
Your experience applies equally to all skills.


Message History

You completely miss the giant cockroach.
The giant cockroach bites you but does no damage.
You hit the giant cockroach.
You bite the giant cockroach, but do no damage.
The giant cockroach is moderately wounded.
The giant cockroach misses you.
You closely miss the giant cockroach.
You bite the giant cockroach, but do no damage.
The giant cockroach is moderately wounded.
The giant cockroach barely misses you.
You barely miss the giant cockroach.
The giant cockroach is moderately wounded.
The giant cockroach bites you but does no damage.
You punch the giant cockroach!
You kill the giant cockroach!
You see here a giant cockroach corpse.
Found an escape hatch in the floor.
Some slimes ooze up out of the ground!
An azure jelly and a glowing orange brain come into view.
The glowing orange brain pulsates.
Something tries to feed on your intellect!
You punch the glowing orange brain! You bite the glowing orange brain.
The glowing orange brain is lightly wounded.
You barely miss the glowing orange brain.
The glowing orange brain is lightly wounded.
The glowing orange brain pulsates.
You are confused.
You punch the glowing orange brain!
The glowing orange brain is moderately wounded.
You barely miss the glowing orange brain.
You bite the glowing orange brain.
The glowing orange brain is moderately wounded.
It was a potion of attraction.
You feel attractive to monsters.
It was a potion of degeneration.
There was something very wrong with that liquid.
You feel weakened.
You feel dopey.
You feel clumsy. The azure jelly hits you. The azure jelly freezes you!!!
Ouch! That really hurt!
You die...

.§≈.§..<≈.≈..[≈
..§≈§§≈≈§.§≈§.≈§§§#
.§..§>≈....§§§§§..# #
..≈≈§.§§§.≈≈≈§≈§≈.#.#
..≈.§..§≈.≈.§.≈.≈.#.
.§≈.§§≈§≈.≈≈≈§≈.≈..
..≈§..§..>.....§≈.#
..§≈≈.≈§§≈≈≈≈.≈≈≈.#
....≈§≈...§.≈.≈.@.#
.§≈≈≈.§≈≈.§≈≈.≈≈GJ#
#.§..>..≈.≈.§§§.≈.#
#§§§§§≈.§.≈.§§§.≈.#
#§≈§§.§.§.§§§§§.§.#
.§≈≈≈§§§≈.≈§§.≈≈§§#
#..§.§......§§§§§.#
#§...§...#####.###
###.#####.# #.# .#


You could see an azure jelly and a glowing orange brain.

Vanquished Creatures
  2 dart slugs (D:1)
  4 giant cockroaches (D:1)
  A hobgoblin (D:1)
  A quokka (D:1)
  2 ball pythons (D:1)
  A rat (D:1)
11 creatures vanquished.

Notes
Turn   | Place    | Note
-------+----------+-------------------------------------------
     0 | D:1      | Reached skill level 10 in Unarmed Combat
     0 | D:1      | firemarshallily the Gnoll Wanderer began the quest for the
                  | Orb.
     0 | D:1      | firemarshallily set off with the following items: a +0
                  | dagger, a potion of might, a +0 cloak, a +0 leather armour,
                  | a scroll of fear; and the following spell memorised:
                  | Foxfire; and the following spells available to memorise:
                  | Conjure Flame
     0 | D:1      | Reached XP level 1. HP: 13/13 MP: 4/4
   168 | D:1      | Reached XP level 2. HP: 18/19 MP: 5/5
   302 | D:1      | Found a faded altar of an unknown god.
   323 | D:1      | Prayed at the altar of an unknown god.
   323 | D:1      | Became a worshipper of Jiyva Joefon the Shapeless
   323 | D:1      | Reached * piety under Jiyva
   330 | D:1      | Fell from the grace of Jiyva
   388 | D:1      | Noticed an azure jelly
   388 | D:1      | Noticed a glowing orange brain
   399 | D:1      | Annihilated by an azure jelly

Illustrated notes

Levels and vault maps discovered:
D:1:      evilmike_arrival_hilbert_curve, layout_loops_ring, serial_shops,
          nicolae_shop_trees, chequers_ecumenical_altar_island

Skill      XL: |  1 |
---------------+----+-----
Unarmed Combat | | 10.4
Fire Magic     | 2 |  2.0
Fighting       | |  0.4
Short Blades   | |  0.4
Long Blades    | |  0.4
Axes           | |  0.4
Maces & Flails | |  0.4
Polearms       | |  0.4
Staves         | |  0.4
Slings         | |  0.4
Bows           | |  0.4
Crossbows      | |  0.4
Throwing       | |  0.4
Armour         | |  0.4
Dodging        | |  0.4
Stealth        | |  4.1
Shields        | |  0.4
Spellcasting   | |  2.7
Conjurations   | |  0.2
Hexes          | |  0.2
Summonings     | |  0.2
Necromancy     | |  0.2
Translocations | |  0.2
Transmutations | |  0.2
Ice Magic      | |  0.2
Air Magic      | |  0.2
Earth Magic    | |  0.2
Poison Magic   | |  0.2
Invocations    | |  2.5
Evocations     | |  0.4

Action                   || total
-------------------------++-------
Melee: Unarmed           ||    34
       Bite              ||     4
Invok: Renounce Religion ||     1
  Use: Potion            ||     2
 Stab: Sleeping          ||     2
Armor: Leather armour    ||    10
Dodge: Dodged            ||    13
